 Dungeon Crawl Stone Soup version 0.22-a0-877-g5c4e1af (webtiles) character file.

114 exewon the Grave Robber (level 4, -1/36 HPs)
             Began as a Deep Dwarf Necromancer on July 29, 2018.
             Slain by an ogre
             ... wielding a +0 giant club
              (11 damage)
             ... on level 4 of the Dungeon.
             The game lasted 00:22:13 (3373 turns).

exewon the Grave Robber (Deep Dwarf Necromancer)    Turns: 3373, Time: 00:22:14

Health: -1/36      AC:  6    Str: 11 (12) XL:     4   Next: 66%
Magic:  4/7        EV: 11    Int: 14 (16) God:
Gold:   122        SH:  0    Dex: 11 (13) Spells: 2/7 levels left

rFire    . . .     SeeInvis .   g - +1 hand axe
rCold    . . .     Gourm    .   (no shield)
rNeg     . . .     Faith    .   e - +1 ring mail
rPois    .         Spirit   .   (no helmet)
rElec    .         Reflect  .   (no cloak)
rCorr    .         Harm     .   (no gloves)
MR       .....                  (no boots)
Stlth    +.........             (no amulet)
HPRegen  0.00/turn              (no ring)
MPRegen  0.10/turn              (no ring)

@: non-regenerating
A: damage resistance, heal wounds, sense surroundings 1, no regeneration
a: Heal Wounds


You were on level 4 of the Dungeon.
You were not hungry.

You visited 1 branch of the dungeon, and saw 4 of its levels.

You collected 122 gold pieces.

Inventory:

Hand Weapons
 b - a -1 club
 d - a +0 club
 g - a +1 hand axe (weapon)
 h - a cursed -3 dagger
Missiles
 k - 5 javelins of penetration (quivered)
Armour
 a - a +0 robe
 e - a +1 ring mail (worn)
Scrolls
 f - a scroll of enchant armour
 j - a scroll of remove curse
 m - a scroll of enchant weapon
Potions
 i - a potion of resistance
 l - 2 potions of degeneration
Comestibles
 c - 2 rations


   Skills:
 + Level 1.1 Axes
 + Level 1.3 Armour
 - Level 2.6 Dodging
 - Level 3.0 Stealth
 + Level 2.3 Spellcasting
 * Level 5.4 Necromancy


You had 2 spell levels left.
You knew the following spells:

 Your Spells              Type           Power        Failure   Level  Hunger
a - Pain                  Necr           ###.         6%          1    #......
b - Animate Skeleton      Necr           N/A          6%          1    #......
c - Vampiric Draining     Necr           ###.......   17%         3    ###....

Your spell library contained the following spells:

 Spells                   Type           Power        Failure   Level  Hunger
 Animate Dead             Necr           N/A          50%         4    #####..
 Regeneration             Chrm/Necr      #.........   47%         3    ###....


Dungeon Overview and Level Annotations

Branches:
Dungeon (4/15)
 Temple: D:4-7

Altars:
Nemelex Xobeh
Okawaru


Innate Abilities, Weirdness & Mutations

You are resistant to damage.
You can heal yourself by infusing magical energy.
You passively map a small area around you.
You do not regenerate.


Message History

Found 17 stones.
An ogre comes into view. It is wielding a giant club.
Casting: Vampiric Draining (safe; 17% risk of failure)
Confirm with . or Enter, or press ? or * to list all spells.
Aiming: Vampiric Draining (safe; 17% risk of failure)
Press: ? - help, Shift-Dir - straight line, f - ogre
Aim: an ogre, wielding a giant club (hasn't noticed you)
The ogre shouts!
The ogre is moderately wounded.
You feel life coursing into your body.
The leopard gecko hisses angrily.
The ogre hits you with a giant club!
* * * LOW HITPOINT WARNING * * *
Casting: Vampiric Draining (safe; 17% risk of failure)
Confirm with . or Enter, or press ? or * to list all spells.
Aiming: Pain (safe; 6% risk of failure)
Press: ? - help, Shift-Dir - straight line, f/p - ogre
Aim: an ogre, wielding a giant club (moderately wounded, chance to defeat MR: 75%)
The ogre struggles to resist.
The ogre hits you with a giant club!
You die...

*.# *
######.##.#
#....<...# ,
* #.#######.#
* #.# * #.# *
#.# * *,
#########.#
#....lO@..#*,
, * * *
#.######### *
#.# *, , *
*#l# *, * ,
#.# , ** ,
#.# * ##.# ,
* #..# * #.##
** * *


You could see an ogre and a leopard gecko.

Vanquished Creatures
  3 gnolls (D:3)
  An adder (D:2)
  A worm (D:3)
  A dart slug (D:1)
  2 leopard geckos
  2 giant cockroaches
  6 goblins
  6 hobgoblins
  11 jackals
  11 kobolds
  3 quokkas (D:2)
  4 bats
  2 frilled lizards (D:2)
  8 rats
61 creatures vanquished.

Vanquished Creatures (collateral kills)
  2 goblins (D:1)
  A hobgoblin (D:2)
3 creatures vanquished.

Grand Total: 64 creatures vanquished

Notes
Turn   | Place    | Note
-------+----------+-------------------------------------------
     0 | D:1      | exewon the Deep Dwarf Necromancer began the quest for the Orb.
     0 | D:1      | Reached XP level 1. HP: 15/15 MP: 3/3
     2 | D:1      | Learned a level 1 spell: Animate Skeleton
     5 | D:1      | Found an iron altar of Okawaru.
   282 | D:1      | Reached XP level 2. HP: 13/22 MP: 2/4
   856 | D:1      | Reached XP level 3. HP: 23/28 MP: 1/6
   956 | D:2      | Found a faded altar of an unknown god.
  1176 | D:2      | Reached skill level 5 in Necromancy
  1325 | D:2      | Learned a level 3 spell: Vampiric Draining
  1391 | D:2      | Found a sparkling altar of Nemelex Xobeh.
  1865 | D:2      | Reached XP level 4. HP: 36/36 MP: 3/7
  2108 | D:3      | Reached skill level 1 in Armour
  2410 | D:3      | Reached skill level 1 in Axes
  3358 | D:4      | Noticed an ogre
  3373 | D:4      | Slain by an ogre

Vault maps used:
D:1:      sevenhm_arrival_forest_fort_small_6
D:2:      nicolae_overflow_crystal_walls, chequers_ecumenical_altar_island,
          first_ration
D:3:      minmay_misc_feat_columns, nicolae_underground_beach
D:4:      grunt_ashenzari_visionary

Skill      XL: |  1  2  3  4 |
---------------+-------------+-----
Spellcasting   | 2 |  2.3
Stealth        | 3 |  3.0
Necromancy     | 5 |  5.4
Armour         | 1 |  1.3
Axes           | 1 |  1.1
Dodging        | |  2.6

Action                   |  1- 3 |  4- 6 || total
-------------------------+-------+-------++-------
Melee: Club              |    51 |       ||    51
       Unarmed           |     1 |       ||     1
       Hand axe          |       |    11 ||    11
 Cast: Pain              |    65 |    31 ||    96
       Animate Skeleton  |    10 |     4 ||    14
       Vampiric Draining |     4 |     7 ||    11
  Use: Scroll            |     3 |     1 ||     4
       Potion            |     1 |     3 ||     4
  Eat: Chunk             |     5 |       ||     5
       Ration            |       |     2 ||     2
Armor: Robe              |     4 |       ||     4
       Ring mail         |    31 |    13 ||    44
Dodge: Dodged            |    61 |    19 ||    80

Table legend:
 A = Spawn XP
 B = Non-spawn XP
 C = Spawn XP percentage of total XP
 D = Spawn monster count
 E = Non-spawn monster count
 F = Spawn count percentage of total count
 G = Total turns spent on level
                    A         B        C        D         E        F      G
               +---------+---------+-------+---------+---------+-------+---------
         Total |       0 |     163 |   0.0 |       0 |      64 |   0.0 |  3373
               +---------+---------+-------+---------+---------+-------+---------
           D:1 |       0 |      41 |   0.0 |       0 |      24 |   0.0 |   934
           D:2 |       0 |      56 |   0.0 |       0 |      25 |   0.0 |  1154
           D:3 |       0 |      66 |   0.0 |       0 |      15 |   0.0 |  1247
               +---------+---------+-------+---------+---------+-------+---------
